 Dungeon Crawl Stone Soup version 0.26.0-7-g794d0892b4 (webtiles) character file.

Game seed: 6224338556870962019

89702 vvl the Cleaver (level 15, 0/135 HPs)
             Began as a Hill Orc Fighter on Jan 11, 2021.
             Was a High Priest of Beogh.
             Slain by the 27-headed Lernaean hydra (9 damage)
             ... on level 4 of the Swamp.
             The game lasted 03:28:37 (30850 turns).

vvl the Cleaver (Hill Orc Fighter)                 Turns: 30850, Time: 03:28:38

Health: 0/135      AC: 32    Str: 26    XL:     15   Next: 98%
Magic:  0/24       EV:  7    Int:  3    God:    Beogh [*****.]
Gold:   779        SH: 13    Dex: 13    Spells: 14/14 levels left

rFire    . . .     SeeInvis .   S - +2 war axe of Woequere {vorpal, +Fly rN+++ Int-5 Stlth+}
rCold    + . .     Faith    .   c - +0 kite shield
rNeg     + + +     Spirit   +   X - +5 plate armour "Atoboekloj" {-Tele rElec rN+}
rPois    +         Reflect  .   Z - +0 helmet
rElec    +         Harm     .   P - +2 cloak
rCorr    .         Rampage  .   O - +2 pair of gloves {Dex+3}
Will     +....     NoTele   +   m - +2 pair of boots {run}
Stlth    ..........             i - amulet of guardian spirit
HPRegen  0.32/turn              B - ring of poison resistance
MPRegen  0.19/turn              V - ring of protection from cold

@: very slightly contaminated, hasted, invisible, very quick
A: walk on water
a: Renounce Religion, Evoke Flight, Smiting, Recall Orcish Followers, Give Item
to Named Follower


You were on level 4 of the Swamp.
You worshipped Beogh.
Beogh was extremely pleased with you.
You visited 4 branches of the dungeon, and saw 24 of its levels.
You also visited: Ossuary, Bailey, Ice Cave and Volcano.

You collected 3184 gold pieces.
You spent 2405 gold pieces at shops.

Inventory:

Hand Weapons
 n - a +0 antimagic demon blade
 o - the +7 Singing Sword {vorpal, sonic wave}
   (You found it on level 5 of the Dungeon)

   It inflicts extra damage upon your enemies.
 S - the +2 war axe of Woequere (weapon) {vorpal, +Fly rN+++ Int-5 Stlth+}
   (You found it on level 8 of the Dungeon)

   It inflicts extra damage upon your enemies.
   It affects your intelligence (-5).
   It renders you almost immune to negative energy.
   It lets you fly.
   It makes you more stealthy.
 T - the +3 short sword of Honour {vorpal, *Noise rC++ Int+5}
   (You found it on level 8 of the Dungeon)

   It inflicts extra damage upon your enemies.
   It affects your intelligence (+5).
   It greatly protects you from cold.
   It may make noises in combat.
Missiles
 F - 277 bolts
Armour
 c - a +0 kite shield (worn)
 m - a +2 pair of boots of running (worn)
 O - a +2 pair of gloves of dexterity (worn)
 P - a +2 cloak (worn)
 X - the +5 plate armour "Atoboekloj" (worn) {-Tele rElec rN+}
   (You bought it in a shop on level 2 of the Orcish Mines)

   It insulates you from electricity.
   It protects you from negative energy.
   It prevents most forms of teleportation.
 Z - a +0 helmet (worn)
Jewellery
 b - the amulet "Ezizuof" {RegenMP Dex+4 SInv}
   (You found it on level 12 of the Dungeon)

   [amulet of magic regeneration]

   It increases your magic regeneration.
   It affects your dexterity (+4).
   It lets you see invisible.
 i - an amulet of guardian spirit (around neck)
 B - a ring of poison resistance (left hand)
 V - a ring of protection from cold (right hand)
Wands
 q - a wand of polymorph (21)
 C - a wand of flame (77)
 E - a wand of paralysis (14)
 M - a wand of random effects (25)
Scrolls
 e - 7 scrolls of enchant weapon {unknown}
 f - 4 scrolls of acquirement {unknown}
 g - 3 scrolls of identify
 k - 7 scrolls of blinking
 r - 11 scrolls of teleportation
 t - 3 scrolls of immolation
 z - a scroll of enchant armour
 D - 5 scrolls of remove curse
 H - a scroll of magic mapping
Potions
 a - 2 potions of cancellation
 d - 7 potions of might
 h - 2 potions of attraction {unknown}
 l - a potion of brilliance
 p - 9 potions of flight
 w - 11 potions of curing
 A - 4 potions of mutation
 I - 2 potions of lignification
 J - 4 potions of resistance
 K - 5 potions of haste
 N - a potion of ambrosia
 R - 5 potions of heal wounds
 U - a potion of berserk rage
 W - 7 potions of magic
Miscellaneous
 u - a phantom mirror


   Skills:
 * Level 13.1 Fighting
 - Level 7.5 Long Blades
 + Level 13.2 Axes
 - Level 6.1 Crossbows
 + Level 11.4 Armour
 + Level 11.4 Shields
 - Level 6.7 Conjurations
 - Level 7.4 Fire Magic
 + Level 12.8 Invocations
 + Level 10.1 Evocations


You had 14 spell levels left.
You didn't know any spells.
Your spell library contained the following spells:

 Spells                   Type           Power        Failure   Level
 Foxfire                  Conj/Fire      16%          41%         1
 Magic Dart               Conj           16%          47%         1
 Searing Ray              Conj           8%           63%         2
 Conjure Flame            Conj/Fire      4%           80%         3
 Stone Arrow              Conj/Erth      4%           99%         3
 Animate Skeleton         Necr           0%           100%        1
 Apportation              Tloc           0%           100%        1
 Corona                   Hex            0%           100%        1
 Pain                     Necr           0%           100%        1
 Sting                    Tmut/Pois      0%           100%        1
 Summon Small Mammal      Summ           0%           100%        1
 Corpse Rot               Necr/Air       N/A          100%        2
 Poisonous Vapours        Pois/Air       0%           100%        2
 Confusing Touch          Hex            0%           100%        3
 Gell's Gravitas          Tloc           0%           100%        3
 Ignite Poison            Fire/Tmut/Pois 1%           100%        3
 Mephitic Cloud           Conj/Pois/Air  1%           100%        3
 Vampiric Draining        Necr           0%           100%        3
 Olgreb's Toxic Radiance  Pois           0%           100%        4
 Petrify                  Tmut/Erth      0%           100%        4
 Alistair's Intoxication  Tmut/Pois      0%           100%        5
 Bolt of Magma            Conj/Fire/Erth 1%           100%        5
 Irradiate                Conj/Tmut      1%           100%        5
 Iskenderun's Battlesphe  Conj           4%           100%        5
 Lightning Bolt           Conj/Air       1%           100%        5
 Metabolic Englaciation   Hex/Ice        0%           100%        5
 Yara's Violent Unravell  Hex/Tmut       0%           100%        5
 Death Channel            Necr           0%           100%        6
 Eringya's Noxious Bog    Tmut/Pois      0%           100%        6
 Iron Shot                Conj/Erth      1%           100%        6
 Orb of Destruction       Conj           2%           100%        7
 Spellforged Servitor     Conj/Summ      1%           100%        7


Dungeon Overview and Level Annotations

Branches:
Dungeon (12/15)            Temple (0/1) D:7            Lair (6/6) D:11
  Swamp (4/4) Lair:2        Snake (0/4) Lair:4        Slime (0/5) Lair:5
    Orc (2/2) D:12            Elf (0/3) Orc:2       Ossuary (visited)
 Bailey (visited)           IceCv (visited)         Volcano (visited)

Altars:
Fedhas
Makhleb
Uskayaw
Wu Jian
Jiyva

Shops:
D:5 (   Orc:2 !*[!

Annotations:
Lair:3 exclusion: oklob plant
Swamp:4 Lernaean hydra


Message History

* * * LOW HITPOINT WARNING * * *
The 27-headed Lernaean hydra bites you but does no damage.
You block the 27-headed Lernaean hydra's attack.
The 27-headed Lernaean hydra barely misses you.
The 27-headed Lernaean hydra bites you but does no damage. x2
The eleionoma hurls a spray of splinters past the eight-headed hydra.
The 27-headed Lernaean hydra bites you but does no damage.
You block the 27-headed Lernaean hydra's attack. x2
The 27-headed Lernaean hydra bites you but does no damage. x2
The 27-headed Lernaean hydra barely misses you.
The 27-headed Lernaean hydra bites you but does no damage.
The 27-headed Lernaean hydra misses you.
The 27-headed Lernaean hydra completely misses you.
The 27-headed Lernaean hydra barely misses you.
The 27-headed Lernaean hydra bites you but does no damage. x2
You block the 27-headed Lernaean hydra's attack. x2
The 27-headed Lernaean hydra barely misses you.
The 27-headed Lernaean hydra bites you but does no damage. x4
The 27-headed Lernaean hydra bites you!
You die...

♣♣♣♣♣ ≈.≈≈<♣.≈.♣♣ ♣♣.≈.♣
♣♣♣ ≈≈§..≈≈≈≈♣ ♣♣.≈≈≈♣
♣≈♣♣♣≈...≈≈≈≈....≈
♣≈≈≈≈≈♣♣♣..≈♣.......≈≈..≈≈
♣.§≈≈..≈..≈♣♣..≈≈.♣.≈≈≈≈≈≈
♣♣.≈≈≈..n≈§.......≈♣≈.≈≈≈≈≈
♣≈≈≈≈≈≈≈≈≈≈≈≈≈≈≈..≈≈♣≈≈≈≈≈≈
♣.≈≈≈≈≈≈≈≈≈≈≈≈≈..≈≈≈♣≈≈≈≈≈≈
♣♣♣..♣♣D..@...≈♣♣.R≈♣.≈≈♣
♣≈.♣♣.♣≈D≈≈≈≈...≈..$.≈.♣
♣♣♣ ♣♣R≈≈≈≈≈≈≈≈≈≈≈n≈..≈♣♣
♣.≈≈≈≈≈D≈≈≈.≈D≈≈R.≈≈♣♣
♣≈.≈≈≈≈≈≈..♣≈.≈≈≈≈≈.≈♣
♣.≈≈≈≈...≈♣♣≈≈≈≈≈≈≈♣♣≈
≈≈≈.≈≈.♣♣..(.≈≈≈≈n<♣≈≈
♣.≈≈.≈≈(♣♣..≈.≈≈≈§≈...≈
♣.≈≈.≈≈≈. ♣♣♣..≈≈≈≈.≈.≈


You could see the 27-headed Lernaean hydra (fast, inner flame), an eleionoma, an
eight-headed hydra, a swamp dragon and a bog body.

Vanquished Creatures
  An orc warlord (Bailey)
  A bunyip (Swamp:1)
  A red draconian (Volcano)
  2 ice dragons (IceCv)
  4 hydras
  3 centaur warriors
  A two-headed ogre (D:12)
  A deep troll shaman (Lair:6)
  3 alligators
  2 death yaks (Lair:6)
  An orc high priest (Orc:2)
  3 skeletal warriors (D:12)
  A goliath frog (Swamp:2)
  2 cyclopes (D:12)
  2 swamp dragons (Swamp:4)
  A manticore (D:12)
  5 elephants
  2 ice statues (IceCv)
  5 cane toads (Lair:6)
  A gargoyle (D:12)
  6 rime drakes
  A komodo dragon (Lair:4)
  A kobold demonologist (D:12)
  A queen bee (D:9)
  2 polar bears
  2 trolls
  2 blink frogs (Lair:3)
  3 tyrant leeches
  Grinder (D:6)
  4 dream sheep
  The ghost of fiver49 the Slasher, an amateur TeAK of Lugonu (D:4)
  Eustachio (D:6)
  A spriggan (Swamp:1)
  4 wyverns (Lair:5)
  A wraith (D:5)
  A fire elemental (Orc:2)
  A basilisk (Lair:2)
  22 yaks
  5 fire bats (Volcano)
  A vampire mosquito (D:12)
  A steam dragon (D:7)
  A naga (Lair:4)
  7 swamp worms
  7 water moccasins
  An acid dragon (D:12)
  2 hell hounds (Orc:2)
  3 phantoms
  3 swamp drakes
  20 ice beasts
  13 orc warriors
  4 sky beasts
  A black bear (D:11)
  3 ogres
  15 wolves
  9 centaurs
  3 big kobolds
  10 bullfrogs
  An elf zombie (Ossuary)
  10 scorpions
  A wyvern skeleton (D:7)
  27 killer bees
  5 wights (D:11)
  2 electric eels
  4 howler monkeys
  5 lava snakes (Volcano)
  2 bullfrog zombies
  2 quasits
  5 centaur zombies
  A human zombie (Ossuary)
  6 jellies
  6 orc wizards
  2 bullfrog skeletons
  A centaur skeleton (D:12)
  7 hounds
  8 orc priests
  4 iguanas
  A hell rat (Lair:5)
  8 worker ants
  2 big kobold zombies (Ossuary)
  A centaur simulacrum (D:9)
  4 hound zombies
  A hound skeleton (D:5)
  4 mummies
  9 gnolls
  20 adders
  6 white imps
  A howler monkey simulacrum (D:9)
  6 ufetubi
  An ooze (D:7)
  3 adder skeletons
  5 adder zombies (Ossuary)
  3 worms
  The ghost of lessens the Sneak, a weakling MfDe (D:5)
  2 dart slugs (D:2)
  6 leopard geckos
  27 orcs
  2 giant cockroaches
  3 gnoll zombies (Ossuary)
  23 goblins
  19 hobgoblins
  17 jackals
  23 kobolds
  3 quokkas
  12 bats
  8 frilled lizards
  3 goblin zombies
  2 hobgoblin zombies (Ossuary)
  3 jackal zombies
  10 kobold zombies (Ossuary)
  A leopard gecko skeleton (D:3)
  2 orc zombies (Ossuary)
  2 quokka skeletons
  A quokka zombie (Ossuary)
  5 rats
  2 rat zombies (Ossuary)
557 creatures vanquished.

Vanquished Creatures (collateral kills)
  Mara (Swamp:3)
  The ghost of Gadfly the Carver, a journeyman PaBe of Trog (Lair:2)
  6 bunyips
  The ghost of XxsatanxX the Grappler, a journeyman TrFi of Uskayaw (Lair:2)
  Azrael (Orc:2)
  A dire elephant (Lair:6)
  5 eleionomae
  A fire dragon (D:12)
  11 hydras
  2 boulder beetles (Lair:4)
  A catoblepas (Lair:6)
  7 alligators
  3 orc high priests (Orc:2)
  4 death yaks (Lair:6)
  A goliath frog (Swamp:4)
  2 bog bodies
  2 spriggan druids
  A swamp dragon (Swamp:4)
  7 orc knights
  2 will-o-the-wisps
  A manticore (Lair:5)
  12 elephants
  Maurice (Orc:2)
  2 black mambas
  9 cane toads
  2 gargoyles (D:12)
  3 rime drakes
  A yaktaur (D:12)
  3 komodo dragons
  A troll (D:12)
  5 polar bears
  3 hornets
  5 tyrant leeches
  9 blink frogs
  8 dream sheep
  3 wyverns (Lair:5)
  4 spriggans
  16 yaks
  A fire elemental (Orc:2)
  5 basilisks
  A fire bat (Volcano)
  5 swamp worms
  A naga (Lair:4)
  11 water moccasins
  3 swamp drakes
  10 orc warriors (Orc:2)
  2 ogres (Orc:2)
  A centaur (Volcano)
  18 wolves
  6 bullfrogs
  A killer bee (D:10)
  3 orc priests (Orc:2)
  An orc wizard (Orc:2)
  4 hell rats (Lair:5)
  A worker ant zombie (D:7)
  An adder (D:8)
  8 orcs
  A giant cockroach (D:8)
  5 hobgoblins (Bailey)
  A quokka (D:8)
  8 goblins (Bailey)
246 creatures vanquished.

Vanquished Creatures (others)
  2 orc warlords (Swamp:4)
  An orc sorcerer (Orc:2)
  A tengu warrior (D:12)
  An orc high priest (Lair:5)
  10 orc knights
  2 bloated husks
  17 orc warriors
  A centaur (Volcano)
  13 orc priests
  5 orc wizards
  41 orcs
  A goblin (Bailey)
  A goblin zombie (D:6)
  7 foxfires
  49 fungi
  46 plants
  6 withered plants (Lair:2)
204 creatures vanquished.

Grand Total: 1007 creatures vanquished

Notes
Turn   | Place    | Note
-------+----------+-------------------------------------------
     0 | D:1      | vvl the Hill Orc Fighter began the quest for the Orb.
     0 | D:1      | Reached XP level 1. HP: 19/19 MP: 1/1
   122 | D:3      | Reached XP level 2. HP: 19/27 MP: 2/2
   301 | D:3      | Reached skill level 1 in Invocations
   302 | D:3      | Reached XP level 3. HP: 15/33 MP: 1/3
   627 | D:3      | Reached skill level 1 in Evocations
   690 | D:4      | Reached XP level 4. HP: 40/40 MP: 5/5
   756 | D:4      | Found a runed translucent door.
   758 | D:4      | Noticed a bullfrog
   761 | D:4      | Noticed fiver49's ghost (amateur TeAK)
   986 | D:4      | Reached XP level 5. HP: 46/46 MP: 6/6
  1078 | D:5      | Entered Level 5 of the Dungeon
  1533 | D:5      | Reached XP level 6. HP: 48/53 MP: 6/8
  2035 | D:5      | Reached skill level 5 in Fighting
  2035 | D:5      | Reached XP level 7. HP: 61/61 MP: 9/9
  2310 | D:5      | Found the +7 Singing Sword {vorpal, sonic wave}
  2319 | D:5      | Reached skill level 5 in Axes
  2371 | D:5      | Found Ilic's Weapon Emporium.
  2729 | D:5      | Found a runed translucent door.
  2730 | D:5      | Noticed a wraith
  2730 | D:5      | Noticed lessens's ghost (weakling MfDe)
  2738 | D:5      | Killed a wraith
  2739 | D:5      | Reached skill level 1 in Long Blades
  2739 | D:5      | Reached skill level 5 in Armour
  2739 | D:5      | Reached skill level 5 in Shields
  2739 | D:5      | Reached XP level 8. HP: 60/69 MP: 11/11
  2742 | D:5      | Killed lessens's ghost
  3324 | D:6      | Found a sand-covered staircase.
  3353 | Ossuary  | Entered an ossuary
  3563 | Ossuary  | Reached skill level 5 in Invocations
  3798 | D:6      | Noticed Eustachio
  3802 | D:6      | Became a worshipper of Beogh the Brigand
  3822 | D:6      | Killed Eustachio
  3823 | D:6      | Reached XP level 9. HP: 78/78 MP: 13/13
  4290 | D:6      | Noticed Grinder
  4295 | D:6      | Killed Grinder
  4609 | D:2      | Reached * piety under Beogh
  4878 | D:1      | Reached ** piety under Beogh
  5311 | D:2      | Found a blossoming altar of Fedhas.
  5312 | D:2      | Found an ornate altar of the Wu Jian Council.
  5820 | D:4      | Found a burning altar of Makhleb.
  5822 | D:4      | Noticed a blizzard demon
  6260 | D:4      | Killed fiver49's ghost
  6546 | D:7      | Found a staircase to the Ecumenical Temple.
  6586 | D:7      | Reached skill level 5 in Evocations
  6751 | D:7      | Reached XP level 10. HP: 86/86 MP: 15/15
  6882 | D:7      | Reached *** piety under Beogh
  6883 | D:7      | Reached skill level 5 in Long Blades
  7911 | D:8      | Got a glimmering war axe
  7913 | D:8      | Identified the +2 war axe of Woequere {vorpal, +Fly rN+++
                  | Int-5 Stlth+} (You found it on level 8 of the Dungeon)
  8175 | D:8      | Got a jewelled short sword
  8176 | D:8      | Identified the cursed +3 short sword of Honour {vorpal,
                  | *Noise rC++ Int+5} (You found it on level 8 of the Dungeon)
  8516 | D:9      | Reached **** piety under Beogh
  9138 | D:9      | Reached XP level 11. HP: 95/95 MP: 17/17
  9584 | D:10     | Entered Level 10 of the Dungeon
 10161 | D:10     | Reached skill level 1 in Fire Magic
 10163 | D:10     | Reached skill level 1 in Conjurations
 10165 | D:10     | Reached skill level 1 in Crossbows
 10604 | D:11     | Found a staircase to the Lair.
 10641 | D:11     | Found a flagged portal.
 10664 | Bailey   | Entered a bailey
 10703 | Bailey   | Reached ***** piety under Beogh
 10853 | Bailey   | Noticed an orc knight
 10871 | Bailey   | Noticed an orc warlord
 10876 | Bailey   | Noticed an orc knight
 10877 | Bailey   | HP: 1/95 [orc knight/+0 war axe (26)]
 10879 | Bailey   | Killed an orc knight
 10879 | Bailey   | Gained Alork as an ally
 10883 | Bailey   | Your ally Alork died
 10946 | Bailey   | Killed an orc warlord
 11266 | Bailey   | Identified the Collected Works on Vitriolic Black Arts
 11842 | D:12     | Found a staircase to the Orcish Mines.
 11909 | D:12     | Noticed a skeletal warrior
 11915 | D:12     | Noticed a skeletal warrior
 11917 | D:12     | Noticed a skeletal warrior
 11918 | D:12     | Killed a skeletal warrior
 11923 | D:12     | Noticed a two-headed ogre
 11927 | D:12     | Killed a skeletal warrior
 11928 | D:12     | Reached XP level 12. HP: 47/104 MP: 10/18
 11954 | D:12     | Killed a two-headed ogre
 11966 | D:12     | Noticed a centaur warrior
 12279 | D:12     | Killed a centaur warrior
 12390 | D:12     | Noticed a seven-headed hydra
 12403 | D:12     | Killed an eight-headed hydra
 12408 | D:12     | Reached skill level 10 in Axes
 12696 | D:12     | Noticed a centaur warrior
 12734 | D:12     | Killed a centaur warrior
 12910 | D:12     | Identified the amulet "Ezizuof" {RegenMP Dex+4 SInv}
 12910 | D:12     | Noticed a tengu warrior
 12948 | D:12     | HP: 4/105 [cyclops (15)]
 13397 | D:12     | Identified the Disquisition on Hurtful Ignition
 13400 | D:12     | Identified Asydap's Almanac of the Noxious Blaze
 13465 | D:12     | Noticed a boulder beetle
 13468 | D:12     | Noticed a fire dragon
 13468 | D:12     | a boulder beetle changed into a fire dragon
 13480 | D:12     | Killed a fire dragon
 13505 | D:12     | Paralysed by a yaktaur for 5 turns
 14670 | Lair:1   | Entered Level 1 of the Lair of Beasts
 15667 | Lair:2   | Found a runed translucent gate.
 15667 | Lair:2   | Found a runed translucent gate.
 15667 | Lair:2   | Found a runed translucent gate.
 15672 | Lair:2   | Noticed Gadfly's ghost (journeyman PaBe)
 15672 | Lair:2   | Noticed XxsatanxX's ghost (journeyman TrFi)
 15676 | Lair:2   | Noticed a four-headed hydra
 15686 | Lair:2   | Killed a four-headed hydra
 15757 | Lair:2   | Reached skill level 10 in Invocations
 15764 | Lair:2   | Reached XP level 13. HP: 47/113 MP: 14/20
 16177 | Lair:2   | Reached skill level 10 in Fighting
 16506 | Lair:2   | Gained Jorge as an ally
 16512 | Lair:2   | Found a staircase to the Swamp.
 16933 | Lair:2   | Killed XxsatanxX's ghost
 16941 | Lair:2   | Killed Gadfly's ghost
 17274 | Lair:3   | Reached skill level 5 in Fire Magic
 17314 | Lair:3   | Reached ****** piety under Beogh
 17676 | Lair:3   | Gained Gorbash as an ally
 17756 | Lair:3   | Identified a +2 pair of boots of running (You found it on
                  | level 3 of the Lair of Beasts)
 18314 | Lair:4   | Found a staircase to the Snake Pit.
 18334 | Lair:4   | Reached skill level 5 in Conjurations
 18500 | Lair:4   | Found a dark tunnel.
 18513 | Volcano  | Entered a volcano
 18740 | Volcano  | Gained Rocco as an ally
 18795 | Volcano  | Noticed a red draconian
 18801 | Volcano  | Your ally Rocco died
 18806 | Volcano  | Found a bloodstained altar of Trog.
 18817 | Volcano  | Killed a red draconian
 19182 | Volcano  | Found a bloodstained altar of Trog.
 19545 | Lair:4   | Found an ornate altar of the Wu Jian Council.
 19560 | Lair:4   | Found a hide-covered altar of Uskayaw.
 20497 | Orc:1    | Entered Level 1 of the Orcish Mines
 20509 | Orc:1    | Found a frozen archway.
 20517 | IceCv    | Entered an ice cave
 20815 | IceCv    | Noticed an ice dragon
 20815 | IceCv    | Noticed an ice dragon
 20841 | IceCv    | Killed an ice dragon
 20842 | IceCv    | Reached skill level 5 in Crossbows
 20858 | IceCv    | Killed an ice dragon
 21311 | IceCv    | Reached XP level 14. HP: 122/122 MP: 20/22
 21792 | Orc:2    | Entered Level 2 of the Orcish Mines
 21858 | Orc:2    | Noticed Azrael
 21876 | Orc:2    | Killed Azrael
 21877 | Orc:2    | Reached skill level 10 in Armour
 21877 | Orc:2    | Reached skill level 10 in Shields
 22356 | Orc:2    | Your ally Gorbash died
 22400 | Orc:2    | Found a staircase to the Elven Halls.
 23285 | Orc:2    | Noticed Maurice
 23295 | Orc:2    | Killed Maurice
 23518 | Orc:2    | Found Deneocesurr's Distillery.
 23533 | Orc:2    | Found Qoqab's Distillery.
 23534 | Orc:2    | Found Epied's Antique Armour Emporium.
 23534 | Orc:2    | Found Latogeb's General Store.
 23611 | Orc:2    | Bought a potion of lignification for 36 gold pieces
 23611 | Orc:2    | Bought a potion of mutation for 96 gold pieces
 23611 | Orc:2    | Bought 2 potions of resistance for 240 gold pieces
 23611 | Orc:2    | Bought a potion of might for 48 gold pieces
 23611 | Orc:2    | Bought 2 potions of curing for 72 gold pieces
 23611 | Orc:2    | Bought a potion of haste for 120 gold pieces
 23611 | Orc:2    | Bought a potion of heal wounds for 60 gold pieces
 23611 | Orc:2    | Bought a potion of might for 48 gold pieces
 23611 | Orc:2    | Bought a potion of heal wounds for 60 gold pieces
 23614 | Orc:2    | Bought a potion of curing for 39 gold pieces
 23880 | Orc:2    | Bought a pair of embroidered gloves for 240 gold pieces
 23880 | Orc:2    | Bought a pair of runed gloves for 240 gold pieces
 23880 | Orc:2    | Bought a spiked plate armour for 896 gold pieces
 23932 | Orc:2    | Identified the +5 plate armour "Atoboekloj" {-Tele rElec
                  | rN+} (You bought it in a shop on level 2 of the Orcish
                  | Mines)
 23943 | Orc:2    | Bought a potion of heal wounds for 75 gold pieces
 23943 | Orc:2    | Bought a potion of curing for 45 gold pieces
 23943 | Orc:2    | Bought 2 potions of curing for 90 gold pieces
 25002 | Lair:5   | Found a viscous altar of Jiyva.
 25003 | Lair:5   | Found a staircase to the Slime Pits.
 25453 | Lair:6   | Entered Level 6 of the Lair of Beasts
 25898 | Lair:6   | Gained Ognian as an ally
 26648 | Lair:6   | Reached XP level 15. HP: 113/130 MP: 21/23
 27474 | Swamp:1  | Entered Level 1 of the Swamp
 29547 | Swamp:2  | Identified Sif Muna's Disquisition on Damaging Poisoning
 30496 | Swamp:3  | Noticed Mara
 30509 | Swamp:3  | Killed Mara
 30655 | Swamp:4  | Entered Level 4 of the Swamp
 30750 | Swamp:4  | Reached skill level 10 in Evocations
 30766 | Swamp:4  | Your ally Jorge died
 30775 | Swamp:4  | Noticed the 27-headed Lernaean hydra
 30776 | Swamp:4  | Your ally Ognian died
 30795 | Swamp:4  | HP: 4/135 [the 27-headed Lernaean hydra (5)]
 30850 | Swamp:4  | Slain by the 27-headed Lernaean hydra

Illustrated notes

Levels and vault maps discovered:
D:1:      dpeg_arrival_more_subterranean_lakeside_camping, layout_rooms
D:2:      layout_basic, nicolae_overflow_hidden_temple,
          hangedman_decor_diamond_cutter
D:3:      layout_loops_cross
D:4:      layout_basic, ebering_ghost_sewer_d, makhleb_altar_promises_db
D:5:      old_forge, layout_gridville, serial_shops, shop,
          ebering_ghost_inner_flame, serial_park_tiny_pond
D:6:      layout_loops_ring, nicolae_ossuary_entry_giza, uniq_grinder,
          uniq_eustachio
D:7:      layout_basic, temple_pool_b
D:8:      layout_basic
D:9:      layout_basic, serial_ice, serial_ice_a, serial_ice_j, serial_ice_b,
          serial_ice_e, minivault_7
D:10:     layout_basic
D:11:     layout_roguey, lair_entry_dummy, enter_bailey_3
D:12:     minmay_concentric_multi, layout_cave_pods
Lair:1:   layout_cave_shapes, infiniplex_staircase_pool_2
Lair:2:   layout_regular_city, nicolae_swamp_entry_splash_gauntlet,
          gammafunk_ghost_cemetery, hibernation_bobbens
Lair:3:   layout_regular_city, serial_bayou_shore_a, grunt_megastairs_1,
          lemuel_fruit_tree, minmay_lair_oklob_chamber
Lair:4:   layout_hall_layers, guppyfry_snake_entry_garden,
          nicolae_volcano_entry_two_sided, nzn_masters_of_martial_movement,
          grunt_megastairs_3
Lair:5:   layout_hall_layers, dpeg_slime_entry_enclosed_altar, special_room
          [special_room_mythical_zoo]
Lair:6:   grunt_lair_end_beastmaster, layout_misc_corridors, st_stairs_8,
          grunt_megastairs_5
Swamp:1:  layout_falls_marsh, nicolae_swamp_triple_paths, swamp_pool2
Swamp:2:  layout_falls_marsh, evilmike_swamp_ruin_rubble_1, swamp_pool1
Swamp:3:  layout_basic_swamp, evilmike_swamp_ruin_house_3,
          infiniplex_staircase_pool, uniq_mara
Swamp:4:  swamp_old_school, layout_basic_swamp, swamp_pool1, uniq_aizul
Orc:1:    layout_diamond_mine, portal_ice_cave_entry_pillars_2,
          nicolae_orc_lava_room, uniq_sonja
Orc:2:    st_orc_pillars, layout_caves, uniq_azrael, uniq_maurice

Skill      XL: |  1  2  3  4  5  6  7  8  9 10 11 12 13 14 15 |
---------------+----------------------------------------------+-----
Axes           | 3 4 5 6 7 8 9 10 11 12 13 | 13.2
Invocations    | 1 2 3 4 5 6 8 9 10 11 12 | 12.8
Fighting       | 4 5 6 7 8 9 10 11 13 | 13.1
Evocations     | 1 2 3 4 5 6 7 8 9 10 | 10.1
Armour         | 4 5 6 7 8 9 10 11 | 11.4
Shields        | 4 5 6 7 8 9 10 11 | 11.4
Long Blades    | 1 3 4 6 7 |  7.5
Fire Magic     | 2 4 6 7 |  7.4
Conjurations   | 2 4 5 6 |  6.7
Crossbows      | 2 3 5 6 |  6.1

Action                   |  1- 3 |  4- 6 |  7- 9 | 10-12 | 13-15 || total
-------------------------+-------+-------+-------+-------+-------++-------
Melee: War axe           |    60 |   112 |    31 |   232 |   782 ||  1217
       Double sword      |       |       |   308 |   294 |    26 ||   628
       Dagger            |       |       |       |    15 |       ||    15
       Short sword       |       |       |       |    14 |    38 ||    52
Invok: Convert to Beogh  |       |       |     1 |       |       ||     1
       Recall Orcish Fol |       |       |       |     2 |     9 ||    11
       Resurrection      |       |       |       |       |     3 ||     3
       Smiting           |       |       |       |       |     5 ||     5
Evoke: Wand              |       |       |       |    25 |    27 ||    52
  Use: Potion            |       |     2 |       |     9 |    15 ||    26
       Scroll            |       |       |       |    20 |    14 ||    34
 Stab: Distracted        |       |       |       |     6 |     6 ||    12
       Paralysed         |       |       |       |    11 |     5 ||    16
       Petrified         |       |       |       |       |     1 ||     1
Armor: Scale mail        |    22 |    66 |    88 |       |       ||   176
       Plate armour      |       |       |   103 |   348 |   484 ||   935
       Chain mail        |       |       |       |    53 |   233 ||   286
       Ice dragon scales |       |       |       |       |    31 ||    31
Dodge: Dodged            |    18 |    56 |    74 |   131 |   267 ||   546
Block: Kite shield       |    18 |    75 |   166 |   452 |   548 ||  1259
       Buckler           |       |       |       |       |    25 ||    25
       Rpst.: Double sword |       |       |    27 |    19 |     2 ||    48
